Map: Orbital Shipyard

Players

ironfish - Winner!

  • Race: Terran Terran

Duecez

  • Race: Terran Terran

VOD

Have the link to the VOD?

Description

Time

  • Played on: Nov. 10, 2015, 3:57 p.m.
  • Length: 3:38
Show
View Real Time Build Order
Export as new Build Order

ironfish Terran - Winner!

Build Orders: Reaper Expand 

Get SALT Encoding   

  12  0:08  Supply Depot  
  12  0:19  Refinery  
  12  0:32  Barracks  
  12  0:58  Barracks  
  12  1:21  Reaper  
  12  1:25  SCV  
  14  1:49  Reaper  
  14  1:50  Orbital Command  
  14  1:54  Reaper  
  16  2:21  Reaper  
  17  2:26  Reaper  
  18  2:39  Command Center  
  18  2:53  Reaper  
Show
View Real Time Build Order
Export as new Build Order

Duecez Terran 

Build Orders:  

Get SALT Encoding   

  12  0:09  SCV  
  13  0:22  SCV  
  14  0:34  Supply Depot  
  14  0:37  Refinery  
  14  0:41  SCV  
  15  1:00  SCV  
  16  1:04  Barracks  
  16  1:12  SCV  
  17  1:31  SCV  
  18  1:32  Command Center  
  18  1:46  SCV  
  19  1:56  Barracks  
  19  2:04  Barracks Tech Lab  
  19  2:14  Refinery  
  19  2:15  Orbital Command  
  19  2:26  Factory  
  19  2:52  Marine x2  
Tags
 
Add a new tag
Caveats
  • Supply blocks, unpowered buildings, or Contaminate may cause inaccurate times.
  • Supply counts are checked every 10 seconds.